 Dungeon Crawl Stone Soup version 0.30.0-5-g1a98f26d00 (webtiles) character file.

Game seed: 1315055255629267018

1302 GigaChad the Chopper (level 8, -2/64 HPs)
             Began as a Formicid Fighter on May 13, 2023.
             Was a Priest of Elyvilon.
             Slain by a wraith (8 damage)
             ... on level 5 of the Dungeon.
             The game lasted 00:04:13 (4042 turns).

GigaChad the Chopper (Formicid Fighter)             Turns: 4042, Time: 00:04:13

Health: -2/64      AC: 10    Str: 22    XL:     8   Next: 87%
Magic:  8/8        EV:  8    Int:  9    God:    Elyvilon [***...]
Gold:   185        SH:  5    Dex: 13    Spells: 7/7 levels left

rFire   . . .        a - +0 war axe
rCold   . . .        c - +0 buckler
rNeg    . . .        k - +0 chain mail
rPois   +            (helmet unavailable)
rElec   .            (no cloak)
rCorr   .            (no gloves)
SInv    +            (no boots)
Will    .....        (no amulet) Stlth
                     i - ring of poison resistance
HPRegen 0.30/turn    (no ring)
MPRegen 0.11/turn

%: no passive effects
@: no status effects
A: permanent stasis, dig shafts and tunnels, antennae 3, four strong arms
a: Dig, Shaft Self, Renounce Religion, Purification, Heal Other, Heal Self


You were on level 5 of the Dungeon.
You worshipped Elyvilon.
Elyvilon was most pleased with you.
You visited 1 branch of the dungeon, and saw 5 of its levels.

You collected 185 gold pieces.

Inventory:

Hand Weapons
 a - a +0 war axe (weapon)
Armour
 b - a +0 scale mail
 c - a +0 buckler (worn)
 k - a +0 chain mail (worn)
Jewellery
 i - a ring of poison resistance (left hand)
Wands
 q - a wand of flame (29)
 w - a wand of polymorph (5)
Scrolls
 e - 2 scrolls of enchant armour {unknown}
 j - a scroll of brand weapon {unknown}
 l - a scroll of enchant weapon {unknown}
 m - 2 scrolls of noise {unknown}
 o - 2 scrolls of immolation {unknown}
 p - 2 scrolls of teleportation {unknown}
 r - 2 scrolls of identify {unknown}
 v - a scroll of poison {unknown}
Potions
 d - a potion of might
 f - a potion of berserk rage {unknown}
 g - 3 potions of heal wounds {unknown}
 h - a potion of mutation {unknown}
 n - 2 potions of attraction {unknown}
 s - a potion of degeneration {unknown}
 t - 3 potions of resistance {unknown}
 u - 2 potions of invisibility {unknown}
 x - a potion of lignification {unknown}


   Skills:
 * Level 5.6 Fighting
 * Level 7.1 Axes
 * Level 6.3 Armour
 * Level 6.2 Shields


You had 7 spell levels left.
You didn't know any spells.
Your spell library contained the following spells:

 Spells                   Type           Power      Damage    Failure   Level
 Foxfire                  Conj/Fire      0%         2x1d4     95%         1
 Freeze                   Ice            0%         1d3       95%         1
 Summon Small Mammal      Summ           0%         N/A       95%         1
 Poisonous Vapours        Pois/Air       0%         N/A       99%         2
 Call Canine Familiar     Summ           0%         N/A       100%        3
 Frozen Ramparts          Ice            0%         1d1       100%        3
 Hailstorm                Conj/Ice       0%         3d3       100%        3
 Mephitic Cloud           Conj/Pois/Air  0%         N/A       100%        3
 Summon Guardian Golem    Hex/Summ       0%         N/A       100%        3
 Fireball                 Conj/Fire      0%         3d3       100%        5
 Freezing Cloud           Conj/Ice/Air   0%         6-21      100%        5
 Plasma Beam              Fire/Air       0%         2x1d11    100%        6
 Starburst                Conj/Fire      0%         6d3       100%        6


Dungeon Overview and Level Annotations

Branches:
Dungeon (5/15)
 Temple: D:4-7

Altars:
Elyvilon
Qazlal
Uskayaw
Vehumet
Yredelemnul


Innate Abilities, Weirdness & Mutations

You cannot be hasted, slowed, berserked, paralysed or teleported.
You can dig through walls and to a lower floor.
You have a pair of large antennae on your head. (SInv)
Your four strong arms can wield two-handed weapons with a shield.


Message History

Unknown command.
The wraith closely misses you. You block the wraith's attack.
Grinder blinks!
Unknown command.
The wraith hits you.
* * * LOW HITPOINT WARNING * * *
Grinder gestures at you. You resist with some effort.
Unknown command.
Unknown command.
You barely miss the wraith. You block the wraith's attack.
Unknown command.
Unknown command.
You hit the wraith but do no damage. The wraith hits you!
* * * LOW HITPOINT WARNING * * *
The wraith drains your vigour!
Your stasis prevents you from being slowed.
The wraith hits you but does no damage.
Grinder says, "I used to sell toenails on the black market."
You barely miss the wraith. You slash Grinder! The wraith barely misses you.
Grinder hits you.
* * * LOW HITPOINT WARNING * * *
You writhe in agony.
* * * LOW HITPOINT WARNING * * *
Unknown command.
You hit the wraith but do no damage. You hit Grinder.
You kill Grinder!
The wraith closely misses you.
Your Axes skill increases to level 7!
Unknown command.
You closely miss the wraith. The wraith hits you but does no damage.
Unknown command.
You hit the wraith.
The wraith is lightly damaged.
The wraith hits you but does no damage.
Unknown command.
You closely miss the wraith.
The wraith is lightly damaged.
The wraith hits you but does no damage. The wraith hits you!
You die...

............. ######.#.#
.......... .......#.####
##........ #..........#
#........ #..........#
.......... #..........#
##........ #..........#
#........ #..........#
#####.#..
#......@...#.#######.#..
#......W...#.......#.#..
#..........#######.#.#..
########.#.# ###.#.#..
#...# #.......# #.#.#
#.#.#.#..
#.#######.#.#.#.#
#.........#.#.#.
###########.#.#


You could see a wraith.

Vanquished Creatures
  Grinder (D:5)
  Sigmund (D:2)
  A water moccasin (D:3)
  An ice beast (D:5)
  A centaur (D:5)
  3 scorpions
  3 hounds
  An orc priest (D:5)
  4 iguanas
  2 sleepcaps
  An orc wizard (D:5)
  A gnoll (D:1)
  10 adders
  A white imp (D:5)
  An ufetubus (D:4)
  2 dart slugs (D:1)
  6 orcs
  8 ball pythons
  4 bats
  2 endoplasms
  5 giant cockroaches
  6 goblins
  3 hobgoblins
  10 kobolds
  3 quokkas
  3 frilled lizards
  3 rats
87 creatures vanquished.

Notes
Turn   | Place    | Note
-------+----------+-------------------------------------------
     0 | D:1      | GigaChad the Formicid Fighter began the quest for the Orb.
     0 | D:1      | Reached XP level 1. HP: 18/18 MP: 1/1
    90 | D:1      | Reached XP level 2. HP: 24/24 MP: 2/2
   227 | D:1      | Reached XP level 3. HP: 26/29 MP: 3/3
   934 | D:2      | Found a faded altar of an unknown god.
   944 | D:2      | Prayed at the altar of an unknown god.
   944 | D:2      | Became a worshipper of Elyvilon the Healer
   944 | D:2      | Reached * piety under Elyvilon
  1013 | D:2      | Reached XP level 4. HP: 37/37 MP: 4/4
  1040 | D:2      | Noticed Sigmund
  1048 | D:2      | Killed Sigmund
  1049 | D:2      | Reached skill level 4 in Axes
  1049 | D:2      | Reached XP level 5. HP: 38/42 MP: 5/5
  1049 | D:2      | Reached XP level 6. HP: 44/48 MP: 6/6
  1375 | D:3      | Reached ** piety under Elyvilon
  1476 | D:3      | Reached skill level 5 in Shields
  1553 | D:3      | Noticed a water moccasin
  1574 | D:3      | Killed a water moccasin
  1759 | D:3      | Reached XP level 7. HP: 29/55 MP: 7/7
  1763 | D:3      | Reached skill level 5 in Axes
  2354 | D:4      | Reached skill level 5 in Armour
  2419 | D:4      | Found a basalt altar of Yredelemnul.
  2419 | D:4      | Found a hide-covered altar of Uskayaw.
  2420 | D:4      | Found a white marble altar of Elyvilon.
  2476 | D:4      | Noticed a fire elemental
  2478 | D:4      | Found a stormy altar of Qazlal.
  2481 | D:4      | Noticed an air elemental
  2481 | D:4      | Noticed a water elemental
  2935 | D:4      | Reached *** piety under Elyvilon
  2957 | D:4      | Reached skill level 5 in Fighting
  3195 | D:4      | Found a radiant altar of Vehumet.
  3247 | D:5      | Entered Level 5 of the Dungeon
  3250 | D:5      | Reached XP level 8. HP: 57/62 MP: 8/8
  3462 | D:5      | Reached skill level 6 in Axes
  4011 | D:5      | Noticed Grinder
  4012 | D:5      | Noticed a wraith
  4039 | D:5      | Killed Grinder
  4040 | D:5      | Reached skill level 7 in Axes
  4042 | D:5      | Slain by a wraith

Illustrated notes

Levels and vault maps discovered:
D:1:      minmay_arrival_shattered_statue, layout_basic
D:2:      layout_loops_ring, hellmonk_ecumenical_altar_lost_god, uniq_sigmund
D:3:      layout_loops_ring
D:4:      layout_gridville, nicolae_qazlal_style_of_elements,
          nicolae_overflow_hidden_temple
D:5:      layout_basic, makhleb_altar_promises_db, uniq_grinder

Skill      XL: |  1  2  3  4  5  6  7  8 |
---------------+-------------------------+-----
Fighting       | 4 5 |  5.6
Axes           | 4 5 7 |  7.1
Armour         | 4 5 6 |  6.3
Shields        | 5 6 |  6.2

Action                     |  1- 3 |  4- 6 |  7- 9 || total
---------------------------+-------+-------+-------++-------
  Melee: War axe           |    84 |    79 |   188 ||   351
Ability: Dig               |     1 |       |     1 ||     2
 Armour: Scale mail        |    52 |       |       ||    52
         Chain mail        |    12 |    45 |    99 ||   156
  Dodge: Dodged            |    38 |    34 |    95 ||   167
  Block: Buckler           |    30 |    24 |    51 ||   105
